 Dungeon Crawl Stone Soup version 0.25-a0-341-g6f074c887a (webtiles) character file.

Game seed: 10710031247868297705, levelgen mode: deterministic

121 mopl the Changer (level 4, -4/21 HPs)
             Began as a Spriggan Transmuter on Dec 30, 2019.
             Killed from afar by an orc wizard (12 damage)
             ... with a puff of flame
             ... on level 3 of the Dungeon.
             The game lasted 00:02:56 (936 turns).

mopl the Changer (Spriggan Transmuter)               Turns: 936, Time: 00:02:58

Health: -4/21      AC:  2    Str:  7    XL:     4   Next: 76%
Magic:  7/10       EV: 21    Int: 14    God:
Gold:   102        SH:  0    Dex: 21    Spells: 4/10 levels left

rFire    . . .     SeeInvis +     - Unarmed
rCold    + . .     Gourm    .   (shield currently unavailable)
rNeg     . . .     Faith    .   (armour currently unavailable)
rPois    x         Spirit   .   (helmet currently unavailable)
rElec    .         Reflect  .   (cloak currently unavailable)
rCorr    .         Harm     .   (gloves unavailable)
MR       .....                  (boots unavailable)
Stlth    ++........             f - amulet of regeneration
HPRegen  0.47/turn              r - ring of protection from cold
MPRegen  0.12/turn              (no ring)

@: spider-form, very slightly contaminated
A: tiny, unfitting armour, see invisible, herbivore, slow metabolism 2
a: End Transformation


You were on level 3 of the Dungeon.
You were not hungry.
You were a venomous arachnid creature.
You visited 1 branch of the dungeon, and saw 4 of its levels.

You collected 102 gold pieces.

Inventory:

Missiles
 a - 44 arrows
 g - 15 poisoned darts (quivered)
 k - 4 stones
 m - 14 sling bullets
Armour
 b - a +1 robe (melded)
 h - a scarf of repulsion (melded)
Jewellery
 f - an amulet of regeneration (around neck)
 r - a ring of protection from cold (left front leg)
Scrolls
 c - a scroll of identify
 i - a scroll of remove curse
Potions
 e - a potion of magic
 j - a potion of curing {unknown}
 n - 2 potions of lignification {unknown}
 p - a potion of resistance {unknown}
Comestibles
 d - 2 rations


   Skills:
 + Level 0.9 Fighting
 + Level 1.3 Throwing
 + Level 3.0 Dodging
 * Level 3.5 Unarmed Combat
 + Level 3.6 Spellcasting
 + Level 3.8 Transmutations


You had 4 spell levels left.
You knew the following spells:

 Your Spells              Type           Power        Failure   Level  Hunger
a - Beastly Appendage     Tmut           ##....       13%         1    None
b - Spider Form           Tmut/Pois      #.........   47%         3    ###....
w - Sticks to Snakes      Tmut           ##......     17%         2    ##.....

Your spell library contained the following spells:

 Spells                   Type           Power        Failure   Level  Hunger
 Ice Form                 Ice/Tmut       #.......     83%         4    ####...
 Blade Hands              Tmut           ##........   89%         5    ######.


Dungeon Overview and Level Annotations

Branches:
Dungeon (4/15)
 Temple: D:4-7

Altars:


Innate Abilities, Weirdness & Mutations

You are very small and have problems with some larger weapons.
You are too small for most types of armour.
You have supernaturally acute eyesight. (SInv)
You are a herbivore.
((You cover ground extremely quickly.))
You need to consume almost no food.


Message History

The orc wizard mumbles some strange words.
The orc wizard seems to speed up.
A mysterious force pulls you upwards. The hatch slams shut behind you.
The orc shouts! 2 bats and an orc come into view.
The orc shouts!
Found 12 arrows.
Casting: Beastly Appendage (safe; 4% risk of failure)
Confirm with . or Enter, or press ? or * to list all spells.
You turn into a venomous arachnid creature.
Your scarf of repulsion melds into your body.
Your +1 robe melds into your body.
The haze of the repulsion field disappears.
The orc wizard closely misses you.
An orc wizard comes into view. It is wielding a +0 dagger.
An orc comes into view. It is wielding a +0 short sword.
The orc wizard gestures at you while chanting.
The puff of flame hits you!
Ouch! That really hurt!
You die...

##########
#........#
#........#
........#
##........+
....#.....#
#....o..#
#.bs#
#.......#
#.........+
#.......o.#
#....b....o
#.......(o##
#.........#
#........o#


You could see 2 orc wizards, 3 orcs and 2 bats.

Vanquished Creatures
  A sky beast (D:2)
  A worm (D:2)
  A leopard gecko (D:1)
  A giant cockroach (D:1)
  3 goblins (D:1)
  3 hobgoblins (D:1)
  3 kobolds
  A quokka (D:2)
  6 bats
  2 frilled lizards
  A rat (D:1)
23 creatures vanquished.

Notes
Turn   | Place    | Note
-------+----------+-------------------------------------------
     0 | D:1      | mopl the Spriggan Transmuter began the quest for the Orb.
     0 | D:1      | Reached XP level 1. HP: 9/9 MP: 5/5
   193 | D:1      | Reached skill level 3 in Transmutations
   223 | D:1      | Reached XP level 2. HP: 14/14 MP: 4/6
   227 | D:1      | Learned a level 2 spell: Sticks to Snakes
   237 | D:1      | Reached skill level 3 in Spellcasting
   558 | D:2      | Noticed a sky beast
   673 | D:2      | Killed a sky beast
   673 | D:2      | Reached skill level 1 in Throwing
   673 | D:2      | Reached skill level 3 in Unarmed Combat
   673 | D:2      | Reached XP level 3. HP: 17/17 MP: 9/9
   673 | D:2      | Reached XP level 4. HP: 21/21 MP: 10/10
   678 | D:2      | Learned a level 3 spell: Spider Form
   926 | D:2      | You fall into a shaft and drop 2 floors!
   936 | D:3      | Killed from afar by an orc wizard

Levels and vault maps discovered:
D:1:      dpeg_arrival_more_subterranean_lakeside_camping, layout_basic,
          fountainhead, minmay_pentomino_z2
D:2:      layout_basic, lightli_temple_of_fire, grunt_temple_overflow_open
D:3:      minmay_skewed_foursquare, layout_basic,
          chequers_ecumenical_altar_simple, grunt_ministairs_9, uniq_ijyb
D:4:      layout_cave_pools, nicolae_overflow_hidden_temple, first_ration,
          uniq_sigmund

Skill      XL: |  1  2 |
---------------+-------+-----
Transmutations | 3 |  3.8
Spellcasting   | 3 |  3.6
Throwing       | 1 |  1.3
Unarmed Combat | 3 |  3.5
Fighting       | |  0.9
Dodging        | |  3.0

Action                   |  1- 3 |  4- 6 || total
-------------------------+-------+-------++-------
Melee: Unarmed           |    71 |    19 ||    90
       Kick              |     9 |     1 ||    10
       Headbutt          |     3 |       ||     3
Throw: Dart              |    27 |       ||    27
 Cast: Beastly Appendage |    12 |     4 ||    16
       Spider Form       |       |     1 ||     1
  Use: Scroll            |       |     5 ||     5
Armor: Robe              |     6 |     4 ||    10
Dodge: Dodged            |    69 |    23 ||    92

Table legend:
 A = Non-vault XP
 B = Vault XP
 C = Vault XP percentage of total XP
 D = Non-vault monster count
 E = Vault monster count
 F = Vault count percentage of total count
                 A         B        C        D         E       F
            +---------+---------+-------+---------+---------+-------
      Total |     170 |       3 |   1.7 |      21 |       2 |   8.7
            +---------+---------+-------+---------+---------+-------
        D:1 |      21 |       3 |  12.5 |      11 |       2 |  15.4
        D:2 |     149 |       0 |   0.0 |      10 |       0 |   0.0
            +---------+---------+-------+---------+---------+-------
